 Dungeon Crawl Stone Soup version 0.25.0-15-gac7dcb8919 (webtiles) character file.

Game seed: 16293198317389524988

95 KleinerIrrer the Firebug (level 4, 0/30 HPs)
             Began as a Demonspawn Fire Elementalist on June 28, 2020.
             Killed from afar by Sigmund (13 damage)
             ... with a puff of flame
             ... on level 3 of the Dungeon.
             The game lasted 00:06:16 (2983 turns).

KleinerIrrer the Firebug (DsFE)                     Turns: 2983, Time: 00:06:17

Health: 0/30       AC:  3    Str:  9    XL:     4   Next: 40%
Magic:  5/8        EV: 13    Int: 17    God:
Gold:   171        SH:  0    Dex: 13    Spells: 1/8 levels left

rFire    . . .     SeeInvis .   o - +0 spear
rCold    . . .     Gourm    .   (no shield)
rNeg     . . .     Faith    .   a - +0 robe
rPois    .         Spirit   .   (no helmet)
rElec    .         Reflect  .   m - +0 cloak
rCorr    .         Harm     .   (no gloves)
MR       .....                  (no boots)
Stlth    +++.......             (no amulet)
HPRegen  0.10/turn              (no ring)
MPRegen  0.11/turn              (no ring)

@: no status effects
A: nightstalker 1, powered by pain 1
a: no special abilities


You were on level 3 of the Dungeon.
You were not hungry.

You visited 1 branch of the dungeon, and saw 3 of its levels.

You collected 171 gold pieces.

Inventory:

Hand Weapons
 f - a +0 rapier
 i - a +0 hunting sling
 o - a +0 spear (weapon)
Missiles
 e - 3 boomerangs (quivered)
 n - 7 curare-tipped darts
Armour
 a - a +0 robe (worn)
 m - a +0 cloak (worn)
Jewellery
 h - an uncursed ring of positive energy {unknown}
Scrolls
 b - 2 scrolls of remove curse {unknown}
 j - 3 scrolls of identify {unknown}
 k - 3 scrolls of teleportation {unknown}
 q - a scroll of noise {unknown}
 s - a scroll of random uselessness {unknown}
Potions
 d - 2 potions of degeneration {unknown}
 g - a potion of flight {unknown}
 l - a potion of curing {unknown}
 r - a potion of ambrosia {unknown}
Comestibles
 c - 3 rations
 p - a chunk of flesh


   Skills:
 + Level 2.4 Dodging
 - Level 1.7 Stealth
 + Level 2.8 Spellcasting
 + Level 1.8 Conjurations
 + Level 3.5 Fire Magic


You had one spell level left.
You knew the following spells:

 Your Spells              Type           Power        Failure   Level  Hunger
a - Foxfire               Conj/Fire      ##..         6%          1    #......
b - Conjure Flame         Conj/Fire      ##......     17%         3    ###....
c - Inner Flame           Hex/Fire       #.......     26%         3    ###....

Your spell library contained the following spells:

 Spells                   Type           Power        Failure   Level  Hunger
 Sticky Flame             Conj/Fire      ##......     50%         4    #####..
 Fireball                 Conj/Fire      ##........   85%         5    ######.


Dungeon Overview and Level Annotations

Branches:
Dungeon (3/15)

Altars:
Ru
The Shining One

Annotations:
D:2 1 runed translucent door, Crazy Yiuf
D:3 Sigmund


Innate Abilities, Weirdness & Mutations

You are slightly more attuned to the shadows.
You sometimes gain a little power by taking damage.


Message History

The foxfire hits Sigmund.
Sigmund is lightly wounded.
The foxfire hits Sigmund.
Sigmund is moderately wounded.
Sigmund hits you from afar with a cursed -1 scythe!
Casting: Foxfire (safe; 6% risk of failure)
Confirm with . or Enter, or press ? or * to list all spells.
You conjure some foxfire!
The foxfire hits Sigmund.
Sigmund is moderately wounded.
The foxfire hits Sigmund.
Sigmund is heavily wounded.
Sigmund gestures wildly while chanting.
Sigmund flickers and vanishes!
Deactivating autopickup; reactivate with Ctrl-A.
A puff of flame appears from out of thin air!
The puff of flame hits you!
A puff of flame appears from out of thin air!
The puff of flame hits you!
You die...

..#####..... .........# #
#.!.....# .# #....{..#..#
#.......#..# #.......#..#
#..........# ###.###....#
#@##.....# +######.##.....#
...............#
#######.###+#..# #########
#...# ..#
##.......#########.# .##.#
.'...............#.# .....
##.......#######'#'####.#.#
### #.......##
#.......#...# #..


There were no monsters in sight!

Vanquished Creatures
  An iguana (D:2)
  2 adders (D:2)
  A worm (D:3)
  2 dart slugs (D:2)
  A leopard gecko (D:2)
  A ball python (D:2)
  4 bats
  4 giant cockroaches
  5 goblins
  5 hobgoblins
  2 jackals (D:2)
  3 frilled lizards
  5 kobolds
  5 rats
41 creatures vanquished.

Vanquished Creatures (others)
  123 foxfires
123 creatures vanquished.

Grand Total: 164 creatures vanquished

Notes
Turn   | Place    | Note
-------+----------+-------------------------------------------
     0 | D:1      | KleinerIrrer the Demonspawn Fire Elementalist began the
                  | quest for the Orb.
     0 | D:1      | Reached XP level 1. HP: 13/13 MP: 3/3
   144 | D:1      | Gained mutation: You sometimes gain a little power by
                  | taking damage. [demonic ancestry]
   144 | D:1      | Reached XP level 2. HP: 8/19 MP: 0/5
   387 | D:1      | Reached skill level 3 in Fire Magic
   618 | D:1      | You fall into a shaft and drop 1 floor!
   949 | D:2      | Found a sacrificial altar of Ru.
  1018 | D:2      | Reached XP level 3. HP: 24/24 MP: 3/6
  1986 | D:2      | Gained mutation: You are slightly more attuned to the
                  | shadows. [demonic ancestry]
  1986 | D:2      | Reached XP level 4. HP: 28/30 MP: 2/8
  2098 | D:2      | Learned a level 3 spell: Conjure Flame
  2102 | D:2      | Learned a level 3 spell: Inner Flame
  2264 | D:2      | Found a runed translucent door.
  2265 | D:2      | Noticed Crazy Yiuf
  2671 | D:3      | Found a glowing golden altar of the Shining One.
  2973 | D:3      | Noticed a +0 hand axe
  2973 | D:3      | Noticed a +0 dagger
  2974 | D:3      | Noticed Sigmund
  2983 | D:3      | Killed from afar by Sigmund

Illustrated notes

Levels and vault maps discovered:
D:1:      lightli_arrival_flooded_house, layout_loops_ring
D:2:      layout_basic, old_standard_altar, uniq_crazy_yiuf_cottage
D:3:      layout_basic, lemuel_crystal_altar, dancing_weapons_uskayaw,
          uniq_sigmund

Skill      XL: |  1  2 |
---------------+-------+-----
Fire Magic     | 3 |  3.5
Dodging        | 2 |  2.4
Stealth        | |  1.7
Spellcasting   | |  2.8
Conjurations   | |  1.8

Action                   |  1- 3 |  4- 6 || total
-------------------------+-------+-------++-------
Melee: Unarmed           |     3 |       ||     3
       Club              |     5 |       ||     5
       Short sword       |     1 |       ||     1
       Spear             |     5 |     3 ||     8
Throw: Boomerang         |     1 |       ||     1
 Cast: Foxfire           |    58 |    25 ||    83
  Eat: Chunk             |     4 |     3 ||     7
Armor: Robe              |    12 |       ||    12
Dodge: Dodged            |    42 |     2 ||    44
